 Dungeon Crawl Stone Soup version 0.27.1-37-g7b29ead8ac (console) character file.

Game seed: 13036149116138289468

147 grimtooth the Sneak (level 5, -4/28 HPs)
             Began as a Deep Elf Hedge Wizard on Sept 24, 2023.
             Was an Initiate of Kikubaaqudgha.
             Killed by divine providence
             ... invoked by an orc priest
              (14 damage)
             ... on level 4 of the Dungeon.
             The game lasted 00:08:04 (3171 turns).

grimtooth the Sneak (Deep Elf Hedge Wizard)         Turns: 3171, Time: 00:08:05

Health: -4/28      AC:  3    Str:  7    XL:     5   Next: 8%
Magic:  5/13       EV: 12    Int: 20    God:    Kikubaaqudgha [......]
Gold:   102        SH:  0    Dex: 14    Spells: 4/12 levels left

rFire    . . .     SeeInvis .   j - +1 short sword (vamp)
rCold    . . .     Faith    .   (no shield)
rNeg     . . .     Spirit   .   b - +0 robe
rPois    .         Reflect  .   c - +0 hat
rElec    .         Harm     .   (no cloak)
rCorr    .         Rampage  .   (no gloves)
Will     .....                  i - +0 pair of boots
Stlth    +++.......             (no amulet)
HPRegen  0.09/turn              (no ring)
MPRegen  0.13/turn              (no ring)

@: no status effects
A: no striking features
a: Renounce Religion


You were on level 4 of the Dungeon.
You worshipped Kikubaaqudgha.
Kikubaaqudgha was noncommittal.
You visited 1 branch of the dungeon, and saw 4 of its levels.

You collected 102 gold pieces.

Inventory:

Hand Weapons
 a - a +0 dagger
 j - a +1 vampiric short sword (weapon)
Missiles
 g - 32 stones
Armour
 b - a +0 robe (worn)
 c - a +0 hat (worn)
 i - a +0 pair of boots (worn)
Wands
 l - a wand of paralysis (3)
Scrolls
 f - 2 scrolls of blinking {unknown}
 m - a scroll of amnesia {unknown}
Potions
 d - a potion of attraction {unknown}
 e - a potion of brilliance {unknown}
 h - a potion of curing {unknown}
 k - a potion of resistance {unknown}


   Skills:
 - Level 2.4 Dodging
 + Level 5.1 Stealth
 - Level 4.4 Spellcasting
 + Level 3.9 Conjurations
 - Level 1.1 Summonings
 - Level 1.1 Translocations


You had 4 spell levels left.
You knew the following spells:

 Your Spells              Type           Power      Damage    Failure   Level
a - Magic Dart            Conj           80%        1d7       2%          1
b - Conjure Flame         Conj/Fire      12%        6-21      17%         3
k - Blink                 Tloc           N/A        N/A       12%         2
P - Call Imp              Summ           8%         N/A       12%         2

Your spell library contained the following spells:

 Spells                   Type           Power      Damage    Failure   Level
 Slow                     Hex            4%         N/A       19%         2
 Mephitic Cloud           Conj/Pois/Air  9%         N/A       22%         3


Dungeon Overview and Level Annotations

Branches:
Dungeon (4/15)
 Temple: D:4-7

Altars:
Kikubaaqudgha
Makhleb
Uskayaw

Annotations:
D:3 Terence


Message History

The magic dart hits the orc.
The orc is severely wounded.
The hobgoblin barely misses your shadow imp.
Casting: Magic Dart (safe; 2% risk of failure)
Confirm with . or Enter, or press ? or * to list all spells.
Aiming: Magic Dart (safe; 2% risk of failure)
Press: ? - help, Shift-Dir - straight line, f/p - orc
Aim: an orc, wielding a +0 mace (severely wounded, ally target, 100% to hit)
The magic dart hits the orc.
The orc is severely wounded.
The orc hits you with a +0 mace.
* * * LOW HITPOINT WARNING * * *
Your white imp closely misses the orc.
Okay, then.
Casting: Magic Dart (safe; 2% risk of failure)
Confirm with . or Enter, or press ? or * to list all spells.
Aiming: Magic Dart (safe; 2% risk of failure)
Press: ? - help, Shift-Dir - straight line, f/p - orc
Aim: an orc, wielding a +0 mace (severely wounded, ally target, 100% to hit)
The magic dart hits the orc.
You kill the orc!
Kikubaaqudgha accepts your kill.
The hobgoblin closely misses your shadow imp.
What are your orders? t - Shout!
Orders for allies: a - Attack new target. r - Retreat! s - Stop attacking. g - Guard the area. f - Follow me.
Anything else - Cancel.
Gang up on whom?
Press: ? - help, Dir - move target, f - orc priest
Aim: an orc priest, wielding a +0 dagger Attack!
Your shadow imp hits the hobgoblin.
The hobgoblin misses your shadow imp.
Your shadow imp barely misses the hobgoblin.
The orc priest invokes the aid of Beogh against you.
Beogh smites you!
Ouch! That really hurt!
You die...
Kikubaaqudgha rasps: "You have failed me!
Welcome... death!"

###############
....).........#
......[.......#
......>.......'
..............
######....###############
.....#....'.og55@.......s
..##.#....###############
..##.#....#
..##.#....####
..#..#.)...........
............?......
..####.####........
..##.....##...oo...
..#.......#...o....
..#.......#......o.
......_...........o


You could see an orc priest (ally target), a hobgoblin, a friendly white imp
(summoned) and a friendly shadow imp (summoned).

Vanquished Creatures
  A necrophage (D:4)
  An iguana (D:4)
  An adder (D:3)
  2 dart slugs
  3 orcs
  6 bats
  3 endoplasms (D:2)
  7 goblins
  8 hobgoblins
  4 quokkas
  A ball python (D:1)
  A frilled lizard (D:2)
  3 kobolds (D:1)
  A rat (D:1)
42 creatures vanquished.

Notes
Turn   | Place    | Note
-------+----------+-------------------------------------------
     0 | D:1      | grimtooth the Deep Elf Hedge Wizard began the quest for the
                  | Orb.
     0 | D:1      | Reached XP level 1. HP: 10/10 MP: 7/7
   587 | D:1      | Reached skill level 3 in Stealth
   587 | D:1      | Reached XP level 2. HP: 15/15 MP: 7/9
  1379 | D:2      | Found a faded altar of an unknown god.
  1617 | D:2      | Reached XP level 3. HP: 19/19 MP: 4/10
  2369 | D:3      | Found an ancient bone altar of Kikubaaqudgha.
  2372 | D:3      | Found a hide-covered altar of Uskayaw.
  2398 | D:3      | Became a worshipper of Kikubaaqudgha
  2403 | D:3      | Noticed Terence
  2421 | D:2      | Learned a level 2 spell: Blink
  2424 | D:2      | Learned a level 2 spell: Call Imp
  2428 | D:2      | Learned a level 3 spell: Conjure Flame
  2483 | D:3      | Reached skill level 4 in Stealth
  2706 | D:4      | Reached XP level 4. HP: 24/24 MP: 0/12
  2811 | D:4      | Noticed a necrophage
  2828 | D:4      | Found a burning altar of Makhleb.
  2875 | D:4      | Killed a necrophage
  2876 | D:4      | Reached skill level 5 in Stealth
  2876 | D:4      | Reached XP level 5. HP: 13/28 MP: 1/13
  3171 | D:4      | Killed from afar by an orc priest

Illustrated notes

Levels and vault maps discovered:
D:1:      shiori_shiawase, layout_loops_ring, grunt_decor_one_mirror
D:2:      layout_loops_ring, hellmonk_ecumenical_altar_slurped_away
D:3:      layout_rooms, mainiacjoe_overflow_alcove_2,
          grunt_temple_overflow_open, uniq_terence
D:4:      layout_basic, nicolae_tso_besieged_by_evil, old_standard_altar

Skill      XL: |  1  2  3  4 |
---------------+-------------+-----
Stealth        | 3 4 5 |  5.1
Conjurations   | 2 3 |  3.9
Dodging        | |  2.4
Spellcasting   | |  4.4
Summonings     | |  1.1
Translocations | |  1.1

Action                   |  1- 3 |  4- 6 || total
-------------------------+-------+-------++-------
Melee: Short sword       |       |     3 ||     3
 Cast: Magic Dart        |   109 |    18 ||   127
       Call Imp          |     3 |     3 ||     6
Armor: Robe              |    10 |     1 ||    11
Dodge: Dodged            |    26 |     3 ||    29
